 Dungeon Crawl Stone Soup version 0.22-a0-525-gf69a080 (webtiles) character file.

411 inc the Ducker (level 6, 0/30 HPs)
             Began as a Spriggan Assassin on June 20, 2018.
             Killed from afar by Blork the orc (4 damage)
             ... with a magic dart
             ... on level 4 of the Dungeon.
             The game lasted 00:08:17 (4980 turns).

inc the Ducker (Spriggan Assassin)                  Turns: 4980, Time: 00:08:18

Health: 0/30       AC:  3    Str:  7    XL:     6   Next: 58%
Magic:  7/7        EV: 23    Int: 15    God:
Gold:   174        SH:  0    Dex: 17    Spells: 5/5 levels left

rFire    . . .     SeeInvis +   b - +0 blowgun
rCold    . . .     Gourm    .   (shield restricted)
rNeg     . . .     Faith    .   c - +0 robe
rPois    +         Spirit   .   (helmet restricted)
rElec    .         Reflect  .   d - +0 cloak
rCorr    .         Harm     .   (gloves unavailable)
MR       +....                  (boots unavailable)
Stlth    +++.......             (no amulet)
HPRegen  0.10/turn              n - ring of poison resistance
MPRegen  0.10/turn              (no ring)

@: very quick
A: very small, unfitting armour, see invisible, herbivore, speed 3, slow
metabolism 2
a: no special abilities


You were on level 4 of the Dungeon.
You were not hungry.

You visited 1 branch of the dungeon, and saw 4 of its levels.

You collected 174 gold pieces.

Inventory:

Hand Weapons
 a - a +2 dagger
 b - a +0 blowgun (weapon)
Missiles
 e - 34 poisoned needles (quivered)
 f - 2 curare-tipped needles
Armour
 c - a +0 robe (worn)
 d - a +0 cloak (worn)
Jewellery
 n - a ring of poison resistance (left hand)
Wands
 w - a wand of scattershot (7)
Scrolls
 i - a scroll of fog {unknown}
 j - 2 scrolls of noise {unknown}
 k - 2 scrolls of magic mapping {unknown}
 l - 2 scrolls of blinking {unknown}
 o - 3 scrolls of amnesia {unknown}
 p - 5 scrolls of identify {unknown}
 r - 2 scrolls of immolation {unknown}
 s - 3 scrolls of teleportation {unknown}
 u - a scroll of remove curse {unknown}
Potions
 h - 2 potions of might {unknown}
 m - a potion of haste {unknown}
 q - a potion of mutation {unknown}
 t - 2 potions of heal wounds {unknown}
 v - a potion of lignification {unknown}
 x - a potion of flight {unknown}
Comestibles
 g - 8 rations


   Skills:
 - Level 1.5 Fighting
 + Level 3.8 Short Blades
 - Level 4.0 Throwing
 - Level 7.3 Dodging
 - Level 5.8 Stealth


You had 5 spell levels left.
You didn't know any spells.
Your spell library was empty.

Dungeon Overview and Level Annotations

Branches:
Dungeon (4/15)
 Temple: D:4-7

Altars:
Elyvilon
Gozag
Kikubaaqudgha
Qazlal
Xom

Shops:
D:2 *

Annotations:
D:4 Blork the orc


Innate Abilities, Weirdness & Mutations

You are very small and have problems with some larger weapons.
You are too small for most types of armour.
You have supernaturally acute eyesight. (SInv)
You are a herbivore.
You cover ground extremely quickly.
You need to consume almost no food.


Message History

Aim: Blork the orc, wielding a war axe and wearing a robe (severely wounded, poisoned)
You shoot a poisoned needle.
The poisoned needle barely misses Blork the orc.
Firing (i - inventory. (/) - cycle)
e - 36 poisoned needles (quivered)
Press: ? - help, Shift-Dir - straight line, f/p - Blork the orc
Aim: Blork the orc, wielding a war axe and wearing a robe (severely wounded, poisoned)
You shoot a poisoned needle.
The poisoned needle closely misses Blork the orc.
Blork the orc points at you and mumbles some strange words.
The magic dart hits you!
* * * LOW HITPOINT WARNING * * *
Firing (i - inventory. (/) - cycle)
e - 35 poisoned needles (quivered)
Press: ? - help, Shift-Dir - straight line, f/p - Blork the orc
Aim: Blork the orc, wielding a war axe and wearing a robe (severely wounded, poisoned)
You shoot a poisoned needle. The poisoned needle hits Blork the orc!
Blork the orc looks as sick as possible!
Blork the orc is severely wounded.
Blork the orc points at you and mumbles some strange words.
The magic dart hits you!
You die...

#.##.#.#. .....##
#..#(..# ........
##.(.### ####...##
###o# .........
#..#####._ .......#
####.........
#...#..
#.......#.###
##.....# #...##.###
#..#.... #### #@#
#. #>#..... #.#
#.## #.....## ..#
#...###.##...# #.##
###.....##.#.# #.
#.......##....
.......##....##....
.....>.##...##....#
)..
.........##.##..
###.####.........


You could see Blork the orc.

Vanquished Creatures
  An ogre (D:4)
  A hound (D:4)
  2 orc priests (D:3)
  An orc wizard (D:3)
  3 gnolls (D:2)
  7 adders
  2 oozes (D:1)
  3 worms
  2 dart slugs (D:2)
  3 leopard geckos
  8 orcs (D:3)
  2 ball pythons (D:2)
  3 giant cockroaches
  7 goblins
  9 hobgoblins
  8 jackals
  2 quokkas
  7 bats
  8 frilled lizards
  6 kobolds
  11 rats
96 creatures vanquished.

Notes
Turn   | Place    | Note
-------+----------+-------------------------------------------
     0 | D:1      | inc the Spriggan Assassin began the quest for the Orb.
     0 | D:1      | Reached XP level 1. HP: 10/10 MP: 2/2
    70 | D:1      | Reached skill level 2 in Dodging
   201 | D:1      | Reached skill level 3 in Dodging
   412 | D:1      | Reached XP level 2. HP: 12/14 MP: 3/3
   669 | D:1      | Reached skill level 4 in Dodging
  1003 | D:1      | Reached XP level 3. HP: 18/18 MP: 4/4
  1436 | D:2      | Reached skill level 5 in Dodging
  1821 | D:2      | Reached XP level 4. HP: 12/22 MP: 5/5
  2031 | D:2      | Found an opulent altar of Gozag.
  2034 | D:2      | Found Gozag's Platinum Reserve.
  2086 | D:2      | Reached skill level 6 in Dodging
  2549 | D:2      | Reached skill level 7 in Dodging
  2926 | D:3      | Reached XP level 5. HP: 25/25 MP: 6/6
  3247 | D:3      | Found a white marble altar of Elyvilon.
  3891 | D:3      | Reached XP level 6. HP: 30/30 MP: 7/7
  4379 | D:3      | Found a stormy altar of Qazlal.
  4391 | D:3      | Noticed a fire elemental
  4392 | D:3      | Noticed an air elemental
  4392 | D:3      | Noticed a water elemental
  4663 | D:4      | Found an ancient bone altar of Kikubaaqudgha.
  4958 | D:4      | Noticed Blork the orc
  4973 | D:4      | Found a shimmering altar of Xom.
  4980 | D:4      | Killed from afar by Blork the orc

Vault maps used:
D:1:      dpeg_arrival_rooms_with_view
D:2:      nicolae_gozag_zags_fifth_avenue, first_ration
D:3:      old_standard_altar, nicolae_qazlal_style_of_elements
D:4:      old_standard_altar, dk_noncrumbling_4, abandoned_shop,
          brannock_xom_greatest_gift, uniq_blork_the_orc

Skill      XL: |  1  2  3  4  5  6 |
---------------+-------------------+-----
Dodging        | 3 4 5 7 |  7.3
Throwing       | 3 4 |  4.0
Short Blades   | 3 |  3.8
Fighting       | |  1.5
Stealth        | |  5.8

Action                   |  1- 3 |  4- 6 || total
-------------------------+-------+-------++-------
Melee: Dagger            |   142 |   170 ||   312
 Fire: Blowgun           |    18 |    91 ||   109
 Stab: Sleeping          |    12 |     7 ||    19
  Eat: Ration            |       |     1 ||     1
Armor: Robe              |     7 |    13 ||    20
Dodge: Dodged            |   106 |   153 ||   259

Table legend:
 A = Spawn XP
 B = Non-spawn XP
 C = Spawn XP percentage of total XP
 D = Spawn monster count
 E = Non-spawn monster count
 F = Spawn count percentage of total count
 G = Total turns spent on level
                    A         B        C        D         E        F      G
               +---------+---------+-------+---------+---------+-------+---------
         Total |       0 |     588 |   0.0 |       0 |      96 |   0.0 |  4980
               +---------+---------+-------+---------+---------+-------+---------
           D:1 |       0 |      57 |   0.0 |       0 |      29 |   0.0 |  1414
           D:2 |       0 |     128 |   0.0 |       0 |      28 |   0.0 |  1489
           D:3 |       0 |     239 |   0.0 |       0 |      35 |   0.0 |  1452
           D:4 |       0 |     164 |   0.0 |       0 |       4 |   0.0 |   625
               +---------+---------+-------+---------+---------+-------+---------
